 Dungeon Crawl Stone Soup version 0.32-a0-350-g4f4d228785 (webtiles) character file.

Game seed: 4479974727868536204

5112 anacleto the Mimic (level 10, 0/97 HPs)
             Began as a Troll Shapeshifter on Feb 17, 2024.
             Was a Follower of Qazlal.
             Slain by a bullfrog (7 damage)
             ... on level 8 of the Dungeon.
             The game lasted 00:18:47 (6440 turns).

anacleto the Mimic (Troll Shapeshifter)             Turns: 6440, Time: 00:18:47

Health: 0/97       AC:  4    Str: 27    XL:     10   Next: 32%
Magic:  9/9        EV: 10    Int: 10    God:    Qazlal [*.....]
Gold:   364        SH:  2    Dex:  8    Spells: 9/9 levels left

rFire   . .          .
                       - Unarmed
rCold   . . .        (no shield)
rNeg    . . .        a - +0 animal skin
rPois   +            (helmet currently unavailable)
rElec   .            h - melded +0 cloak
rCorr   .            (gloves unavailable)
SInv    .            (boots unavailable)
Will    .....        (no amulet)
Stlth   +            k - ring of poison resistance
HPRegen 1.16/turn    (no ring)
MPRegen 0.11/turn

%: no passive effects
@: beast-form, hasted, very quick
A: beast (slay +4), large, unfitting armour, claws 3, regeneration 1, shaggy fur
1, tough skin 1, clever 1, deterioration 1, robust 1, devolution 1
a: Begin Untransformation, Renounce Religion


You were on level 8 of the Dungeon.
You worshipped Qazlal.
Qazlal was aware of your devotion.
You were a hulking beast.
You visited 2 branches of the dungeon, and saw 9 of its levels.
You also visited: Sewer.

You collected 364 gold pieces.

Inventory:

Missiles
 g - 4 javelins
 l - 31 poisoned darts
 C - 2 boomerangs
Armour
 a - a +0 animal skin (worn)
 h - a +0 cloak (melded)
Jewellery
 j - a ring of magical power
 k - a ring of poison resistance (left claw)
Talismans
 c - a beast talisman (active)
 d - a flux talisman
 t - a maw talisman
Scrolls
 f - 2 scrolls of enchant weapon {unknown}
 q - a scroll of poison {unknown}
 r - a scroll of enchant armour {unknown}
 v - a scroll of butterflies {unknown}
 x - a scroll of fog {unknown}
 y - a scroll of revelation {unknown}
 B - a scroll of fear {unknown}
 D - 2 scrolls of identify {unknown}
Potions
 b - a potion of heal wounds {unknown}
 e - 2 potions of mutation
 m - a potion of attraction {unknown}
 n - a potion of cancellation {unknown}
 o - 2 potions of haste
 p - 2 potions of enlightenment {unknown}
 u - 2 potions of might {unknown}
 z - a potion of berserk rage {unknown}
 A - a potion of magic {unknown}


   Skills:
 - Level 2.8 Fighting
 - Level 2.5 Throwing
 - Level 3.1 Dodging
 - Level 4.4 Unarmed Combat
 * Level 12.9 Shapeshifting


You had 9 spell levels left.
You didn't know any spells.
Your spell library contained the following spells:

 Spells                   Type           Power      Damage    Failure   Level
 Static Discharge         Conj/Air       0%         3-3/arc   50%         2
 Airstrike                Air            0%         2d(0-16)  98%         4
 Summon Lightning Spire   Summ/Air       0%         N/A       98%         4


Dungeon Overview and Level Annotations

Branches:
Dungeon (8/15)             Temple (1/1) D:7           Sewer (visited)
   Lair: D:8-11

Altars:
Ashenzari
Dithmenos
Elyvilon
Hepliaklqana
Kikubaaqudgha
Makhleb
Nemelex Xobeh
Okawaru
Qazlal
Ru
Sif Muna
Trog
Uskayaw
Vehumet
Yredelemnul
The Shining One


Innate Abilities, Weirdness & Mutations

You are a hulking beast.
Your limbs bulge with bestial killing power. (Slay +4)
You are too large for most types of armour.
You have claws for hands.
Your natural rate of healing is unusually fast.
You are covered in fur. (AC +1)
You have tough skin. (AC +1)
Your mind is acute. (Int +4, Str/Dex -1)
Your body sometimes deteriorates upon taking damage.
You are robust. (+10% HP)
You have hidden genetic defects.


Message History

The wyvern barely misses you. The bullfrog barely misses you.
You feel better. The wyvern bites you.
* * * LOW HITPOINT WARNING * * *
The bullfrog barely misses you.
Okay, then.
You barely miss the wyvern. Your claw misses the wyvern.
The wyvern is moderately wounded.
The wyvern bites you.
* * * LOW HITPOINT WARNING * * *
The bullfrog barely misses you. The wyvern misses you.
The bullfrog barely misses you.
It was a potion of mutation.
You feel extremely strange.
You feel a hidden malignance growing inside you.
You feel clever.
You feel yourself wasting away.
You feel robust.
The wyvern bites you but does no damage.
The bullfrog hits you but does no damage.
It was a potion of haste.
You feel yourself speed up. The wyvern bites you.
* * * LOW HITPOINT WARNING * * *
The bullfrog barely misses you.
The wyvern bites you but does no damage.
The bullfrog hits you.
* * * LOW HITPOINT WARNING * * *
The wyvern attacks as it pursues you! The wyvern bites you.
* * * LOW HITPOINT WARNING * * *
A river rat comes into view.
A hell rat comes into view.
The river rat squeaks loudly.
The hell rat roars deafeningly!
A centaur comes into view.
The centaur shouts!
The centaur wields a +0 orcbow.
The centaur shoots an arrow.
The arrow hits you!
* * * LOW HITPOINT WARNING * * *
The centaur shoots an arrow.
The arrow hits you.
* * * LOW HITPOINT WARNING * * *
The wyvern bites you.
* * * LOW HITPOINT WARNING * * *
The centaur shoots an arrow.
The arrow closely misses you.
The centaur shoots an arrow.
The arrow closely misses you. The bullfrog hits you!
You die...

#....# #.........#....
#.........#...........
.........##...........
.........###..........
...#.#.........r......
..##.#..............
## ..#..##...r......
#. ##..Fk..ยง......
#..h...........
#....#..........
##...#..........
#.#.......c....
#..............
..............#
..............#
....#....


You could see a wyvern, a bullfrog, a centaur, a hell rat and a river rat.

Vanquished Creatures
  A two-headed ogre (D:6)
  Joseph (D:7)
  Jeremiah (D:6)
  Prince Ribbit (D:6)
  A shadow (D:7)
  A wraith (D:7)
  A vampire mosquito (D:7)
  3 water moccasins
  2 ice beasts
  4 black bears (D:6)
  2 orc warriors (D:7)
  A sky beast (D:7)
  2 ogres
  A phantom (D:6)
  4 kobold brigands
  2 bullfrogs
  3 scorpions
  2 wights (D:7)
  3 bombardier beetles
  4 hounds
  3 jellies
  2 orc priests
  2 orc wizards (D:5)
  2 sleepcaps
  11 iguanas
  7 gnolls
  5 adders
  3 river rats (Sewer)
  2 shadow imps
  A white imp (D:6)
  6 ufetubi
  2 dart slugs (D:3)
  3 ribbon worms
  22 orcs
  7 endoplasms
  4 giant cockroaches
  5 goblins
  8 hobgoblins
  8 jackals
  3 quokkas
  10 ball pythons
  6 bats
  3 frilled lizards
  12 kobolds
  10 rats
  A butterfly (D:7)
188 creatures vanquished.

Notes
Turn   | Place    | Note
-------+----------+-------------------------------------------
     0 | D:1      | anacleto the Troll Shapeshifter began the quest for the
                  | Orb.
     0 | D:1      | Reached XP level 1. HP: 18/18 MP: 0/0
   123 | D:1      | Reached skill level 1 in Fighting
   126 | D:1      | Reached XP level 2. HP: 26/27 MP: 1/1
   678 | D:1      | Reached XP level 3. HP: 33/33 MP: 2/2
   942 | D:2      | Found a faded altar of an unknown god.
  1045 | D:2      | Reached XP level 4. HP: 40/41 MP: 3/3
  1774 | D:3      | Reached skill level 1 in Throwing
  1774 | D:3      | Reached skill level 4 in Shapeshifting
  1819 | D:3      | Reached XP level 5. HP: 39/49 MP: 4/4
  2379 | D:4      | Found a broken altar of Ashenzari.
  2495 | D:4      | Reached XP level 6. HP: 34/57 MP: 5/5
  2687 | D:4      | Identified the +1 spear of Precise Incision {venom, rF++
                  | rC+ Stlth+}
  2867 | D:4      | Found an iron altar of Okawaru.
  3061 | D:5      | Entered Level 5 of the Dungeon
  3096 | D:5      | Reached skill level 5 in Shapeshifting
  3104 | D:5      | Noticed a water moccasin
  3178 | D:5      | Reached XP level 7. HP: 66/66 MP: 6/6
  3189 | D:5      | Found a sparkling altar of Nemelex Xobeh.
  3324 | D:5      | Found a glowing drain.
  3349 | Sewer    | Entered a sewer
  3409 | Sewer    | Reached skill level 6 in Shapeshifting
  3621 | Sewer    | Reached XP level 8. HP: 71/74 MP: 7/7
  3829 | D:5      | Found a stormy altar of Qazlal.
  3849 | D:5      | Became a worshipper of Qazlal Stormbringer
  3887 | D:5      | Reached skill level 7 in Shapeshifting
  4132 | D:6      | Noticed Jeremiah
  4191 | D:6      | Killed Jeremiah
  4192 | D:6      | Reached skill level 8 in Shapeshifting
  4237 | D:6      | Identified the +10 falchion of Somewhere Else {flame,
                  | Str+3}
  4297 | D:6      | Noticed a two-headed ogre
  4306 | D:6      | Killed a two-headed ogre
  4307 | D:6      | Reached skill level 9 in Shapeshifting
  4307 | D:6      | Reached XP level 9. HP: 80/80 MP: 8/8
  4410 | D:6      | Reached skill level 10 in Shapeshifting
  4472 | D:6      | Noticed Prince Ribbit
  4483 | D:6      | Killed Prince Ribbit
  4661 | D:6      | Reached skill level 11 in Shapeshifting
  4975 | D:6      | Reached * piety under Qazlal
  5157 | D:7      | Found a hide-covered altar of Uskayaw.
  5161 | D:7      | Found a basalt altar of Yredelemnul.
  5195 | D:7      | Found a staircase to the Ecumenical Temple.
  5309 | D:7      | Noticed Joseph
  5350 | D:7      | Killed Joseph
  5351 | D:7      | Reached skill level 12 in Shapeshifting
  5351 | D:7      | Reached XP level 10. HP: 26/89 MP: 9/9
  5740 | D:7      | Noticed a manticore
  5793 | Temple   | Entered the Ecumenical Temple
  6426 | D:8      | Gained mutation: You have hidden genetic defects. [potion
                  | of mutation]
  6426 | D:8      | Gained mutation: Your mind is acute. (Int +4, Str/Dex -1)
                  | [potion of mutation]
  6426 | D:8      | Gained mutation: Your body sometimes deteriorates upon
                  | taking damage. [potion of mutation]
  6426 | D:8      | Gained mutation: You are robust. (+10% HP) [potion of
                  | mutation]
  6440 | D:8      | Slain by a bullfrog

Illustrated notes

Levels and vault maps discovered:
D:1:      evilmike_arrival_hilbert_curve, layout_loops_corners
D:2:      layout_rooms, hellmonk_ecumenical_altar_blasted
D:3:      layout_basic, grunt_ministairs_5
D:4:      nicolae_cairo_tiling, layout_gridville, ashenzari_altar_1,
          kennysheep_mini_moat, kennysheep_generic_room_14
D:5:      layout_rooms, nicolae_qazlal_scattered_showers,
          mainiacjoe_overflow_concentric_impassable, gup_sewer_entry_glass
D:6:      layout_basic, hangedman_decor_clover_reticule,
          nicolae_houndstooth_variations, uniq_jeremiah, uniq_prince_ribbit1
D:7:      nzn_winding_woodlands_medium [nzn_winding_woodlands_5x5_cross,
          nzn_winding_woodlands_5x15_lazy_stream,
          nzn_winding_woodlands_5x5_closed_star,
          nzn_winding_woodlands_hourglass, nzn_winding_woodlands_center_lodge,
          nzn_winding_woodlands_5x5_checkerboard,
          nzn_winding_woodlands_5x5_default,
          nzn_winding_woodlands_5x15_concentric,
          nzn_winding_woodlands_5x5_three], layout_rooms, jmf_multi_god_temple,
          minmay_temple_entry_butterflies, blue_anna_alchemist, grunt_potential,
          uniq_joseph
D:8:      layout_cave_pools, grunt_temple_overflow_order_and_chaos_1,
          dpeg_lair_monsters
Temple:   dpeg_chambers_temple

Skill      XL: |  1  2  3  4  5  6  7  8  9 |
---------------+----------------------------+-----
Fighting       | 1 2 |  2.8
Dodging        | 2 3 |  3.1
Throwing       | 1 2 |  2.5
Shapeshifting  | 4 5 6 9 12 | 12.9
Unarmed Combat | 4 |  4.4

Action                     |  1- 3 |  4- 6 |  7- 9 | 10-12 || total
---------------------------+-------+-------+-------+-------++-------
  Melee: Unarmed           |    69 |   141 |   259 |    89 ||   558
         Punch             |       |     1 |     6 |     3 ||    10
  Throw: Boomerang         |       |       |    24 |       ||    24
         Dart              |       |       |     3 |     2 ||     5
         Javelin           |       |       |     3 |       ||     3
Ability: Begin Untransform |     1 |       |       |       ||     1
    Use: Scroll            |       |     2 |     1 |     5 ||     8
         Potion            |       |     2 |     1 |     4 ||     7
   Stab: Sleeping          |       |       |     1 |       ||     1
 Armour: Animal skin       |    49 |    91 |   173 |   111 ||   424
         Skin              |       |     7 |       |       ||     7
  Dodge: Dodged            |    37 |    61 |   102 |    77 ||   277
  Block: Other             |       |       |     1 |    13 ||    14
   Form: Beast             |     1 |       |       |       ||     1

Table legend: (Time is in decaauts)
 A = Elapsed time spent in this place.
 B = Non-inter-level travel time spent in this place.
 C = Inter-level travel time spent in this place.
 D = Time resting spent in this place.
 E = Time spent auto-exploring this place.
 F = Levels seen in this place.
 G = Mean time per level.
                   A        B        C        D        E       F      G
               +--------+--------+--------+--------+--------+-----+--------+
         Total |   6429 |   6188 |    241 |    691 |   3759 |  10 |  642.9 |
       Dungeon |   5940 |   5699 |    241 |    615 |   3542 |   8 |  742.5 |
        Temple |     57 |     57 |      0 |     56 |      0 |   1 |   57.0 |
         Sewer |    431 |    431 |      0 |     20 |    217 |   1 |  431.0 |
               +--------+--------+--------+--------+--------+-----+--------+

Top non-repeatable levels by time:
     D:6: 1376 daAuts
     D:3: 960 daAuts
     D:1: 903 daAuts
     D:7: 843 daAuts
     D:4: 735 daAuts
     D:5: 597 daAuts
     D:2: 505 daAuts
   Sewer: 431 daAuts
  Temple: 57 daAuts
     D:8: 19 daAuts
